 Dungeon Crawl Stone Soup version 0.23.2-1-ga50397a (webtiles) character file.

Game seed: 13370872752951284132

35 razor4143 the Cudgeler (level 3, -2/29 HPs)
             Began as a Demonspawn Chaos Knight on Apr 21, 2019.
             Was a Plaything of Xom.
             Killed from afar by a starcursed mass (4 damage)
             ... with an accursed screaming
             ... on level 1 of the Abyss.
             The game lasted 00:03:12 (1325 turns).

razor4143 the Cudgeler (Demonspawn Chaos Knight)    Turns: 1325, Time: 00:03:13

Health: -2/29      AC:  5    Str: 18    XL:     3   Next: 16%
Magic:  3/3        EV: 11    Int: 13    God:    Xom [...*..]
Gold:   44         SH:  0    Dex: 12    Spells: 2/2 levels left

rFire    . . .     SeeInvis .   a - +0 mace (chaos)
rCold    . . .     Gourm    .   (no shield)
rNeg     . . .     Faith    .   b - +2 leather armour
rPois    .         Spirit   .   (helmet restricted)
rElec    .         Reflect  .   (no cloak)
rCorr    .         Harm     .   (no gloves)
MR       .....                  (no boots)
Stlth    +.........             (no amulet)
HPRegen  0.09/turn              (no ring)
MPRegen  0.08/turn              (no ring)

@: mighty
A: horns 1, sturdy frame 1
a: Renounce Religion


You were on level 1 of the Abyss.
You worshipped Xom.
You were a favourite toy of Xom.
You were not hungry.

You visited 1 branch of the dungeon, and saw 2 of its levels.
You visited the Abyss 1 time.

You collected 44 gold pieces.

Inventory:

Hand Weapons
 a - a +0 mace of chaos (weapon)
Missiles
 e - 25 stones (quivered)
Armour
 b - a +2 leather armour (worn)
Scrolls
 f - 2 scrolls of magic mapping {unknown}
 g - 2 scrolls of remove curse
 h - a scroll of immolation {unknown}
 i - a scroll of teleportation {unknown}
 l - a scroll of enchant armour {unknown}
Potions
 k - a potion of ambrosia {unknown}
 m - a potion of mutation {unknown}
Comestibles
 c - 2 rations


   Skills:
 - Level 3.0 Fighting
 + Level 3.9 Maces & Flails
 - Level 1.7 Armour
 - Level 0.8 Dodging


You had 2 spell levels left.
You didn't know any spells.
Your spell library was empty.

Dungeon Overview and Level Annotations

Branches:
Dungeon (2/15)

Altars:


Innate Abilities, Weirdness & Mutations

You have a pair of small horns on your head.
Your movements are slightly less encumbered by armour. (ER -2)


Message History

A small abomination comes into view.
Found 27 stones.
A thrashing horror comes into view.
A starcursed mass splits.
All of the chunks of flesh in your inventory have rotted away.
A starcursed mass splits.
You hit the starcursed mass but do no damage.
The starcursed mass engulfs you. The starcursed mass engulfs you!
* * * LOW HITPOINT WARNING * * *
Unknown command.
You feel very mighty all of a sudden. The starcursed mass engulfs you.
* * * LOW HITPOINT WARNING * * *
The starcursed mass engulfs you but does no damage.
You sock the starcursed mass!
The starcursed mass is moderately damaged.
The starcursed mass shudders and is absorbed by its neighbour.
A chorus of shrieks assaults your mind.
You die...
Xom thinks this is hilarious!

#(⌠ # ⌠.# . .
#X. #... .#.
##.####X #.#
#.x.).. ..#
#.#
#.#.#.#.§#.#
#.### #..##
#.
#.#.######.#
##. #
#.X......# ##
.#.
+@#......#X.#
#.
#.x..X#.....#
#........#.#
#........# ..
#........#
#..#
#........# .
# ##########
. . #.


You could see 2 starcursed masses and a small abomination.

Vanquished Creatures
  An adder (D:2)
  A worm (D:2)
  A dart slug (D:1)
  A goblin (D:1)
  5 hobgoblins
  4 jackals (D:1)
  2 bats (D:2)
  A frilled lizard (D:1)
  2 kobolds (D:1)
  3 rats
21 creatures vanquished.

Notes
Turn   | Place    | Note
-------+----------+-------------------------------------------
     0 | D:1      | razor4143 the Demonspawn Chaos Knight began the quest for
                  | the Orb.
     0 | D:1      | Reached XP level 1. HP: 18/18 MP: 1/1
    25 | D:1      | XOM: butterfly on damage
   113 | D:1      | XOM: harmless Tmut miscast
   145 | D:1      | XOM: divination: detect creatures
   270 | D:1      | Gained mutation: Your movements are slightly less
                  | encumbered by armour. (ER -2) [demonic ancestry]
   270 | D:1      | Reached XP level 2. HP: 17/24 MP: 2/2
   567 | D:1      | XOM: potion effect (curing)
   570 | D:1      | Noticed a glowing shapeshifter
   570 | D:1      | a goblin changed into a glowing shapeshifter
   570 | D:1      | Noticed a slime creature
   570 | D:1      | a glowing shapeshifter changed into a slime creature
   572 | D:1      | Noticed a sea snake
   572 | D:1      | a slime creature changed into a sea snake
   581 | D:1      | Noticed a faun
   583 | D:1      | Noticed a shock serpent
   583 | D:1      | a faun changed into a shock serpent
   584 | D:1      | XOM: butterfly on damage
   585 | D:1      | XOM: divination: detect items
   585 | D:1      | Noticed a death drake
   585 | D:1      | a shock serpent changed into a death drake
   587 | D:1      | HP: 1/24 [something (1)]
   591 | D:1      | Noticed a swamp worm
   594 | D:1      | XOM: enchant monster (good)
   594 | D:1      | Noticed an elephant
   594 | D:1      | a swamp worm changed into an elephant
   606 | D:1      | Noticed an eye of devastation
   606 | D:1      | an elephant changed into an eye of devastation
   870 | D:2      | d2 elephant btw
   891 | D:2      | d1 actually
  1079 | D:2      | Gained mutation: You have a pair of small horns on your
                  | head. [demonic ancestry]
  1079 | D:2      | Reached XP level 3. HP: 28/29 MP: 3/3
  1095 | D:2      | XOM: butterfly on damage
  1182 | D:2      | XOM: mild Summ miscast
  1183 | D:2      | Noticed a spatial vortex
  1203 | D:2      | Cast into level 1 of the Abyss (spatial vortex)
  1273 | Abyss:1  | Noticed a large abomination
  1275 | Abyss:1  | XOM: confuse monster(s)
  1302 | Abyss:1  | XOM: god gift: 21 sling bullets
  1303 | Abyss:1  | Noticed a starcursed mass
  1310 | Abyss:1  | Noticed a small abomination
  1311 | Abyss:1  | Noticed a thrashing horror
  1325 | Abyss:1  | Killed from afar by a starcursed mass

Skill      XL: |  1 |
---------------+----+-----
Maces & Flails | 3 |  3.9
Fighting       | |  3.0
Armour         | |  1.7
Dodging        | |  0.8

Action                   || total
-------------------------++-------
Melee: Mace              ||    76
       Headbutt          ||     2
  Use: Scroll            ||     2
       Potion            ||     1
 Stab: Sleeping          ||     1
  Eat: Chunk             ||     1
Armor: Leather armour    ||    30
Dodge: Dodged            ||    44
